AoeStats
← Tykki

Arena

509914670Analyzed
3v3 RM · 3d ago on Sep 28, 2026· 41m 46s· 6 players
Game mode
Random Map
Map size
Normal (6 player)
Population
200
Speed
Normal
Resources
Standard
Victory
Conquest
Starting age
Dark Age
Ending age
Imperial Age
RankedLock teamsTeams togetherTeam positionsShared explorationLock speedFull tech treeHidden civsTurbo modeCheats
Victory
Defeat
🇨🇳 Teutons · China
1215
+10
🇺🇸 Wei · United States
1185
+11
🇲🇽 Sicilians · Mexico
1053
+17
🇳🇱 Spanish · Netherlands
1090
-13
🇩🇪 Saxons · Germany
1076
-13
🇫🇮 Cumans · Finland
1061
-12
axjhbl90
11:21 Feudal Age
16:41 Castle Age
15:13 Double-Bit Axe
17:42 Bow Saw
21:29 Wheelbarrow
20:51 Horse Collar
22:02 Gold Mining
22:05 Stone Mining
24:38 Hand Cart
30:11 Imperial Age
27:47 Heavy Plow
29:12 Loom
29:42 Bloodlines
29:38 Scale Barding Armor
29:44 Forging
32:13 Two-Man Saw
30:37 Cavalier
32:20 Chain Barding Armor
33:38 Plate Barding Armor
33:34 Conscription
33:51 Town Watch
33:30 Paladin
35:18 Iron Casting
35:33 Fortified Wall
36:23 Chemistry
37:17 Blast Furnace
39:55 Crop Rotation
shampoop
9:21 Feudal Age
9:47 Double-Bit Axe
9:45 Horse Collar
10:32 Gold Mining
11:19 Stone Mining
12:06 Wheelbarrow
17:11 Castle Age
17:12 Loom
17:57 Heavy Plow
18:09 Bow Saw
19:09 Gold Shaft Mining
19:07 Forging
26:01 Imperial Age
24:16 Scale Barding Armor
25:31 Husbandry
27:25 Iron Casting
29:14 Bloodlines
34:27 Blast Furnace
34:13 Ming Guang Armor
35:15 Elite Tiger Cavalry
37:25 Chain Barding Armor
glitter
5:19 Loom
11:51 Feudal Age
12:00 Loom
12:21 Town Watch
12:18 Horse Collar
12:25 Double-Bit Axe
14:45 Forging
14:36 Scale Mail Armor
14:30 Fletching
21:09 Gold Mining
23:21 Wheelbarrow
32:04 Castle Age
32:18 Pikeman
34:07 Iron Casting
37:18 Gold Shaft Mining
37:39 Chain Mail Armor
43:40 Imperial Age
fidelplays
10:30 Feudal Age
14:21 Castle Age
12:44 Double-Bit Axe
13:26 Horse Collar
17:32 Bow Saw
20:49 Wheelbarrow
21:53 Hand Cart
22:49 Gold Mining
23:02 Stone Mining
25:07 Gold Shaft Mining
24:41 Heavy Plow
25:15 Fletching
25:26 Scale Mail Armor
25:36 Forging
25:56 Bodkin Arrow
28:10 Iron Casting
27:36 Padded Archer Armor
28:09 Crossbowman
28:38 Gambesons
28:56 Squires
29:58 Chain Mail Armor
35:49 Imperial Age
33:08 Town Watch
36:02 Shield Wall
38:15 Sappers
koenee
10:34 Feudal Age
14:37 Castle Age
13:43 Double-Bit Axe
14:01 Loom
26:11 Padded Archer Armor
31:07 Bow Saw
30:39 Horse Collar
32:11 Wheelbarrow
34:56 Imperial Age
32:57 Gold Mining
34:20 Hand Cart
34:07 Heavy Plow
36:01 Leather Archer Armor
36:28 Bloodlines
36:18 Husbandry
35:59 Pikeman
36:12 Elite Conquistador
36:48 Stone Mining
37:44 Scale Mail Armor
37:35 Light Cavalry
39:12 Halberdier
40:15 Chain Mail Armor
41:40 Plate Mail Armor
Tykki
9:41 Feudal Age
11:41 Double-Bit Axe
12:52 Horse Collar
20:06 Bloodlines
23:22 Scale Barding Armor
25:08 Forging
25:43 Padded Archer Armor
29:52 Castle Age
32:16 Chain Barding Armor
33:42 Loom
Connection lost

Rejoining the realm…

Still unreachable

The connection could not be restored.

Session expired

The server has moved on; the page needs a fresh start.